 Dungeon Crawl Stone Soup version 0.18.1-50-g88ac8fd (webtiles) character file.

5770 Chiseanne the Nimble (level 10, 0/102 HPs)
             Began as a Merfolk Hunter on Sept 30, 2016.
             Was a High Priest of Okawaru.
             Slain by a troll (10 damage)
             ... on level 11 of the Dungeon.
             The game lasted 00:40:16 (9937 turns).

Chiseanne the Nimble (Merfolk Hunter)               Turns: 9937, Time: 00:40:17

Health: 0/102      AC: 25    Str: 15    XL:     10   Next: 78%
Magic:  14/14      EV:  2    Int: 11    God:    Okawaru [*****.]
Gold:   239        SH:  4    Dex: 15    Spells: 0 memorised, 9 levels left

rFire  . . .     SeeInvis .     a - +4 great sword
rCold  . . .     Gourm    .     (armour currently unavailable)
rNeg   + + +     Faith    .     (shield currently unavailable)
rPois  +         Spirit   .     (helmet currently unavailable)
rElec  .         Dismiss  .     (cloak currently unavailable)
rCorr  .         Reflect  +     (gloves currently unavailable)
SustAt .         Harm     .     (boots currently unavailable)
MR     .....     NoTele   +     N - +4 amulet of reflection
Stlth  ++++++....               K - +3 ring of slaying
                                j - ring of stealth

@: tree-form, heroism, not resistant to hostile enchantments, very stealthy
A: (change form in water), (swift swim)
a: Heroism, Finesse, Renounce Religion


You were on level 11 of the Dungeon.
You worshipped Okawaru.
Okawaru was extremely pleased with you.
You were hungry.
You were a tree.
You visited 2 branches of the dungeon, and saw 12 of its levels.
You also visited: Bailey.

You collected 590 gold pieces.
You spent 351 gold pieces at shops.

Inventory:

Hand Weapons
 a - a +4 great sword (weapon)
 d - a +1 spear of piercing
 s - a +3 mace of venom
 w - a +8 blowgun
 F - a +0 glaive
Missiles
 c - 73 arrows
 h - 260 stones
 k - 6 javelins
 t - a throwing net
 v - 284 bolts
 A - 83 poisoned needles
 G - 7 javelins of penetration (quivered)
 M - 26 sling bullets
Armour
 l - a +1 helmet (melded)
 n - a +1 pair of boots (melded)
 o - a +0 pair of gloves (melded)
 P - the +4 leather armour of Exclusion (melded) {Str+3}
   (You found it on level 9 of the Dungeon)

   It affects your strength (+3).
Rods
 y - a +3 rod of clouds (10/10)
   (You found it in a bailey)
Jewellery
 j - a ring of stealth (left branch)
 m - an uncursed ring of fire
 x - an uncursed ring of flight
 K - a +3 ring of slaying (right branch)
 N - a +4 amulet of reflection (around neck)
Wands
 z - a wand of confusion (6/48)
 D - a wand of iceblast (0/15)
 H - a wand of teleportation (4/9)
 L - a wand of lightning (6/15)
Scrolls
 e - 4 scrolls of teleportation
 p - a scroll of amnesia
 q - 3 scrolls of magic mapping
 u - a scroll of remove curse
Potions
 b - 2 potions of flight
 r - a potion of curing
 C - 3 potions of lignification
 I - a potion of agility {unknown}
Books
 i - a book of Frost

   Spells                             Type                      Level
   a - Freeze                         Ice                          1
   b - Throw Frost                    Conjuration/Ice              2
   c - Ozocubu's Armour               Charms/Ice                   3
   d - Throw Icicle                   Conjuration/Ice              4
   e - Summon Ice Beast               Ice/Summoning                4
 J - a Necronomicon

   Spells                             Type                      Level
   a - Haunt                          Necromancy/Summoning         7
   b - Borgnjor's Revivification      Necromancy                   8
   c - Death's Door                   Charms/Necromancy            8
   d - Necromutation                  Transmutation/Necromancy     8
Comestibles
 f - 6 bread rations
 g - 3 meat rations
 B - 10 chunks of flesh


   Skills:
 - Level 2.7(7.7) Fighting
 * Level 7.4(12.4) Long Blades
 - Level 5.5(10.5) Polearms
 - Level 8.2(13.2) Throwing
 - Level 3.1(8.1) Armour
 * Level 11.0(16.0) Dodging
 - Level 1.1(6.1) Stealth
 * Level 3.8 Invocations
 - Level 5.4 Evocations


You had 9 spell levels left.
You didn't know any spells.

Dungeon Overview and Level Annotations

Branches:
Dungeon (11/15)            Temple (1/1) D:4            Lair (0/8) D:8
    Orc: D:9-12

Altars:
Ashenzari
Cheibriados
Dithmenos
Elyvilon
Fedhas
Gozag
Kikubaaqudgha
Nemelex Xobeh
Okawaru
Pakellas
Qazlal
Sif Muna
Trog
Vehumet
Xom
Yredelemnul
The Shining One

Shops:
D:9 =

Annotations:
D:6 Chiseanne's ghost, novice FoTm
D:8 exclusion: downstairs
D:10 Lucio's ghost, novice MfIE


Message History

The troll bites you.
* * * LOW HITPOINT WARNING * * *
The troll claws you.
* * * LOW HITPOINT WARNING * * *
The troll claws you.
* * * LOW HITPOINT WARNING * * *
The iguana bites you but does no damage.
You slash the iguana!
You kill the iguana!
Okawaru accepts your kill.
You feel yourself speed up. The troll bites you.
* * * LOW HITPOINT WARNING * * *
The troll claws you but does no damage. The troll completely misses you.
The troll bites you!
* * * LOW HITPOINT WARNING * * *
The troll claws you but does no damage. x2
Drink which item? (? for menu, Esc to quit)
You feel better.
You feel less invigorated. The troll bites you!
You die...

### ..#
#.##
+.†######
#♣.......
#T#......
#.# (....
#.# ....
#.# ...
#.# ..
#.# . #.#


You could see a troll.

Vanquished Creatures
  A hill giant (D:8)
  An orc knight (Bailey)
  A komodo dragon (D:8)
  A wyvern (D:8)
  6 yaks (D:8)
  A hungry ghost (D:8)
  A water moccasin (D:8)
  An ice beast (D:9)
  3 sky beasts
  8 orc warriors
  A phantom (D:8)
  2 ogres
  2 centaurs
  5 giant frogs
  A water moccasin zombie (D:8)
  3 scorpions
  2 wights
  5 howler monkeys
  A crimson imp (D:8)
  A centaur zombie (D:9)
  An orc priest (D:10)
  5 hounds
  A centaur skeleton (D:8)
  A gnoll shaman (D:4)
  2 giant frog skeletons
  3 jellies
  2 iguanas
  6 orc wizards
  5 worker ants
  5 hound skeletons
  A worker ant zombie (D:8)
  4 gnolls (D:4)
  10 adders
  2 shadow imps (D:8)
  3 oozes
  An adder skeleton (D:5)
  2 dart slugs
  3 giant geckos
  27 orcs
  6 bats
  2 giant cockroaches
  5 goblins
  2 hobgoblins
  18 jackals
  9 kobolds
  A quokka (D:9)
  3 ball pythons
  2 giant newts (D:2)
  A jackal zombie (D:5)
  6 rats
  A butterfly (D:5)
  2 fungi (D:7)
189 creatures vanquished.

Vanquished Creatures (others)
  An orc (Bailey)
  A fungus (D:7)
  A plant (D:8)
3 creatures vanquished.

Grand Total: 192 creatures vanquished

Notes
Turn   | Place    | Note
--------------------------------------------------------------
     0 | D:1      | Chiseanne the Merfolk Hunter began the quest for the Orb.
     0 | D:1      | Reached XP level 1. HP: 16/16 MP: 1/1
    26 | D:1      | Reached skill level 3 in Dodging
    26 | D:1      | Reached XP level 2. HP: 19/23 MP: 2/2
   701 | D:1      | Reached skill level 1 in Polearms
   701 | D:1      | Reached XP level 3. HP: 27/28 MP: 3/3
  1806 | D:3      | Reached XP level 4. HP: 34/34 MP: 4/4
  2065 | D:3      | Reached skill level 4 in Dodging
  2110 | D:3      | Reached skill level 1 in Armour
  2110 | D:3      | Reached XP level 5. HP: 29/39 MP: 5/5
  2342 | D:3      | Noticed a centaur
  2355 | D:3      | Killed a centaur
  2980 | D:3      | Reached skill level 5 in Throwing
  2980 | D:3      | Reached XP level 6. HP: 46/46 MP: 6/6
  3025 | D:4      | Found a white marble altar of Elyvilon.
  3101 | D:4      | Found a staircase to the Ecumenical Temple.
  3108 | Temple   | Entered the Ecumenical Temple
  3329 | Temple   | Became a worshipper of Warmaster Okawaru
  3430 | D:4      | Reached skill level 5 in Dodging
  4040 | D:4      | Reached XP level 7. HP: 51/51 MP: 7/7
  4116 | D:4      | Found an opulent altar of Gozag.
  4168 | D:4      | Found a stormy altar of Qazlal.
  4190 | D:5      | Entered Level 5 of the Dungeon
  4417 | D:5      | HP: 2/51 [wight/enchanted great sword (17)]
  4775 | D:5      | Reached skill level 6 in Dodging
  4790 | D:5      | Reached * piety under Okawaru
  4945 | D:5      | Found a shimmering altar of Xom.
  4962 | D:6      | Found a radiant altar of Vehumet.
  4984 | D:6      | Noticed Chiseanne's ghost (novice FoTm)
  5006 | D:5      | Reached skill level 5 in Polearms
  5502 | D:7      | Reached skill level 1 in Evocations
  5502 | D:7      | Reached XP level 8. HP: 49/57 MP: 8/8
  5739 | D:7      | Found a glowing golden altar of the Shining One.
  5810 | D:7      | Reached skill level 1 in Long Blades
  5816 | D:7      | Reached skill level 7 in Dodging
  6203 | D:8      | Reached ** piety under Okawaru
  6748 | D:8      | Reached XP level 9. HP: 62/62 MP: 11/11
  6780 | D:8      | Reached skill level 8 in Dodging
  6964 | D:8      | Found a staircase to the Lair.
  6964 | D:8      | Noticed a komodo dragon
  6981 | D:8      | Killed a komodo dragon
  6981 | D:8      | Reached *** piety under Okawaru
  7474 | D:9      | Noticed a hill giant
  7542 | D:8      | Reached skill level 9 in Dodging
  7550 | D:8      | Reached skill level 5 in Long Blades
  7553 | D:8      | Reached **** piety under Okawaru
  7553 | D:8      | Reached skill level 5 in Evocations
  7878 | D:8      | Killed a hill giant
  7878 | D:8      | Reached XP level 10. HP: 32/68 MP: 11/14
  8051 | D:9      | Reached ***** piety under Okawaru
  8061 | D:8      | Reached skill level 10 in Dodging
  8069 | D:8      | Reached skill level 1 in Invocations
  8416 | D:9      | Received a gift from Okawaru
  8449 | D:9      | Found Tetoho Cais's Jewellery Boutique.
  8472 | D:9      | Bought a cursed amulet of inaccuracy for 26 gold pieces
  8472 | D:9      | Bought a +4 amulet of reflection for 325 gold pieces
  8705 | D:9      | Got a scorched leather armour
  8719 | D:9      | Identified the +4 leather armour of Exclusion {Str+3} (You found it on level 9 of the Dungeon)
  8984 | D:10     | Entered Level 10 of the Dungeon
  9054 | D:10     | Found a flagged portal.
  9055 | D:10     | Noticed Lucio's ghost (novice MfIE)
  9064 | Bailey   | Entered a bailey
  9858 | Bailey   | Noticed an orc knight
  9866 | Bailey   | Killed an orc knight
  9869 | Bailey   | Reached skill level 11 in Dodging
  9884 | Bailey   | Identified a +3 rod of clouds (10/10) (You found it in a bailey)
  9934 | D:11     | HP: 5/102 [troll (8)]
  9936 | D:11     | HP: 1/102 [troll (10)]
  9937 | D:11     | Slain by a troll

Skill      XL: |  1  2  3  4  5  6  7  8  9 10 |
---------------+-------------------------------+-----
Dodging        | 3 4 5 6 7 9 11 | 11.0
Polearms       | 1 2 3 4 5 |  5.5
Armour         | 1 2 3 |  3.1
Throwing       | 5 6 8 |  8.2
Evocations     | 1 3 5 |  5.4
Long Blades    | 3 5 7 |  7.4
Invocations    | 3 |  3.8
Fighting       | |  2.7
Stealth        | |  1.1

Action                   |  1- 3 |  4- 6 |  7- 9 | 10-12 || total
-------------------------+-------+-------+-------+-------++-------
Melee: Short sword       |    18 |       |       |       ||    18
       Spear             |    85 |   159 |   141 |       ||   385
       Great sword       |       |       |   221 |   132 ||   353
Throw: Javelin           |       |     6 |     3 |     9 ||    18
       Stone             |       |     4 |       |     1 ||     5
       Throwing net      |       |     2 |     3 |       ||     5
Invok: Heroism           |       |       |     3 |     4 ||     7
Evoke: Wand              |       |       |     7 |    11 ||    18
  Use: Scroll            |    10 |     2 |     7 |     8 ||    27
       Potion            |       |     4 |     2 |     8 ||    14
 Stab: Sleeping          |     3 |     4 |     4 |     4 ||    15
       Paralysed         |       |       |     6 |       ||     6
       Invisible         |       |       |     5 |       ||     5
  Eat: Chunk             |     3 |     5 |    15 |     7 ||    30
       Pizza             |       |     1 |     1 |       ||     2
Armor: Leather armour    |     8 |       |       |    18 ||    26
       Ring mail         |    32 |    32 |   140 |    38 ||   242
       Skin              |       |       |       |    15 ||    15
Dodge: Dodged            |    55 |    95 |   328 |   162 ||   640
Block: Other             |       |       |       |    20 ||    20
       Reflection        |       |       |       |     2 ||     2
